 Seeded DCSS version 0.28-a0-811-g00180f5 (webtiles) character file.

Game seed: 7077137310623240350 (custom seed)

352 Illumine the Slasher (level 6, -5/72 HPs)
             Began as a Demonspawn Gladiator on Nov 7, 2021.
             Slain by a gnoll sergeant (8 damage)
             ... on level 5 of the Dungeon.
             The game lasted 00:11:03 (5238 turns).

Illumine the Slasher (Demonspawn Gladiator)         Turns: 5238, Time: 00:11:04

Health: -5/72      AC:  6    Str: 17    XL:     6   Next: 35%
Magic:  6/6        EV: 13    Int:  9    God:
Gold:   219        SH:  0    Dex: 14    Spells: 5/5 levels left

rFire   . . .      SeeInvis .   a - +0 long sword
rCold   . . .      Faith    .   (no shield)
rNeg    . . .      Spirit   .   s - +0 ring mail
rPois   +          Reflect  .   r - +0 helmet
rElec   .          Harm     .   (no cloak)
rCorr   .          Rampage  .   (no gloves)
Will    +....                   (no boots)
Stlth   ..........              (no amulet)
HPRegen 0.22/turn               q - ring of willpower
MPRegen 0.10/turn               B - ring of poison resistance

@: berserking, lethally poisoned (-5 -> -25), very quick
A: claws 1, repulsion field 1, demonic magic 1
a: no special abilities


You were on level 5 of the Dungeon.
You visited 1 branch of the dungeon, and saw 5 of its levels.

You collected 219 gold pieces.

Inventory:

Hand Weapons
 a - a +0 long sword (weapon)
 b - a +0 hunting sling
Missiles
 d - 5 throwing nets
 h - 10 poisoned darts (quivered)
 l - 105 stones
 n - 2 javelins
 v - 44 sling bullets
Armour
 c - a +0 helmet
 k - a +0 leather armour
 r - a +0 helmet (worn)
 s - a +0 ring mail (worn)
Jewellery
 e - a ring of magical power
 i - a ring of wizardry
 q - a ring of willpower (left claw)
 B - a ring of poison resistance (right claw)
Wands
 w - a wand of iceblast (10)
Scrolls
 f - 2 scrolls of fog
 g - 2 scrolls of magic mapping
 j - a scroll of teleportation
 m - a scroll of noise
 o - a scroll of acquirement {unknown}
 t - a scroll of amnesia {unknown}
 u - a scroll of fear {unknown}
 A - a scroll of vulnerability {unknown}
Potions
 p - 3 potions of mutation
 x - a potion of attraction
 z - a potion of brilliance {unknown}


   Skills:
 + Level 3.7 Fighting
 * Level 5.0 Long Blades
 - Level 2.0 Throwing
 + Level 2.6 Armour
 - Level 2.6 Dodging


You had 5 spell levels left.
You didn't know any spells.
Your spell library contained the following spells:

 Spells                   Type           Power      Damage    Failure   Level
 Airstrike                Air            0%         N/A       100%        4
 Summon Lightning Spire   Summ/Air       0%         N/A       100%        4
 Lightning Bolt           Conj/Air       0%         1d11      100%        5


Dungeon Overview and Level Annotations

Branches:
Dungeon (5/15)
 Temple: D:4-7

Altars:
Ashenzari
Dithmenos
Nemelex Xobeh


Innate Abilities, Weirdness & Mutations

You have sharp fingernails.
You are surrounded by a mild repulsion field. (EV +2)
Spells you cast may paralyse adjacent enemies.


Message History

Aim: a gnoll sergeant, wielding a +1 spear of venom and wearing a +0 scale mail (68% to hit)
You throw a poisoned dart.
The poisoned dart hits the gnoll sergeant.
The gnoll sergeant is poisoned.
The gnoll sergeant hits you with a +1 spear of venom!
You barely miss the gnoll sergeant.
The gnoll sergeant completely misses you.
You hit the gnoll sergeant.
The gnoll sergeant is lightly wounded.
The gnoll sergeant hits you with a +1 spear of venom!
You hit the gnoll sergeant but do no damage.
The gnoll sergeant is lightly wounded.
The gnoll sergeant hits you with a +1 spear of venom.
You hit the gnoll sergeant.
The gnoll sergeant is moderately wounded.
The gnoll sergeant looks more healthy.
The gnoll sergeant closely misses you.
You hit the gnoll sergeant.
The gnoll sergeant is moderately wounded.
The gnoll sergeant barely misses you.
The gnoll sergeant hits you with a +1 spear of venom!
You are lethally poisoned!
A red film seems to cover your vision as you go berserk!
You feel yourself moving faster!
You feel mighty!
You feel very sick.
The gnoll sergeant hits you but does no damage.
You hit the gnoll sergeant.
The gnoll sergeant is heavily wounded.
You feel very sick.
You hit the gnoll sergeant.
The gnoll sergeant is severely wounded.
You feel sick.
The gnoll sergeant hits you with a +1 spear of venom.
* * * LOW HITPOINT WARNING * * *
You are more poisoned.
You hit the gnoll sergeant.
The gnoll sergeant is severely wounded.
* * * LOW HITPOINT WARNING * * *
You feel very sick.
The gnoll sergeant hits you with a +1 spear of venom!
You die...

...##### ### ##..#.#.###
....#..#####.## #.........#
..........#...## ##........##
#...)......>....###..........##
.....##.....#.##..............#
......#.....#..#.....##.......##
.##..##....##.....(............#
).#.##....###....g###.........###
#####.......#..#@.###..........##
..#.....#.#.#.................)#.
.##...#####.).#.##...............
..###.#######.### ##.............
#.###..##.###.# ###.....##.......
..#.#.........###.#.<...###......
.##.............#.g....####......
..##.............................
####.............##.#............


You could see a gnoll sergeant.

Vanquished Creatures
  An ogre (D:5)
  A scorpion (D:5)
  A hound (D:5)
  A hound skeleton (D:5)
  8 gnolls
  4 adders
  An ufetubus (D:5)
  2 worms (D:2)
  An orc (D:4)
  6 ball pythons
  3 endoplasms
  A giant cockroach (D:3)
  5 goblins
  2 hobgoblins (D:1)
  2 jackals (D:3)
  3 quokkas
  10 bats
  A frilled lizard (D:1)
  4 kobolds
  2 rats
59 creatures vanquished.

Notes
Turn   | Place    | Note
-------+----------+-------------------------------------------
     0 | D:1      | Illumine the Demonspawn Gladiator began the quest for the
                  | Orb.
     0 | D:1      | Reached XP level 1. HP: 16/16 MP: 1/1
   190 | D:1      | Found a faded altar of an unknown god.
   298 | D:1      | Reached skill level 3 in Long Blades
   298 | D:1      | Gained mutation: You are surrounded by a mild repulsion
                  | field. (EV +2) [demonic ancestry]
   298 | D:1      | Reached XP level 2. HP: 22/22 MP: 2/2
  1019 | D:2      | Reached skill level 1 in Armour
  1019 | D:2      | Gained mutation: Spells you cast may paralyse adjacent
                  | enemies. [demonic ancestry]
  1019 | D:2      | Reached XP level 3. HP: 22/28 MP: 3/3
  2411 | D:4      | Found a shadowy altar of Dithmenos.
  2604 | D:4      | Found a broken altar of Ashenzari.
  2790 | D:4      | Reached XP level 4. HP: 34/34 MP: 4/4
  3260 | D:5      | Entered Level 5 of the Dungeon
  3320 | D:5      | Found a sparkling altar of Nemelex Xobeh.
  3425 | D:5      | Noticed a scorpion
  3441 | D:5      | Killed a scorpion
  3442 | D:5      | Reached skill level 4 in Long Blades
  3442 | D:5      | Gained mutation: You have sharp fingernails. [demonic
                  | ancestry]
  3442 | D:5      | Reached XP level 5. HP: 41/41 MP: 5/5
  4492 | D:5      | Noticed an ogre
  4613 | D:5      | Killed an ogre
  4614 | D:5      | Reached XP level 6. HP: 23/47 MP: 6/6
  5195 | D:5      | Reached skill level 5 in Long Blades
  5238 | D:5      | HP: 3/72 [poisoned by a gnoll sergeant]
  5238 | D:5      | Slain by a gnoll sergeant

Illustrated notes

Levels and vault maps discovered:
D:1:      dpeg_arrival_arbitrary_b, layout_loops_ring,
          shapermc_ecumenical_altar_venn
D:2:      layout_rooms
D:3:      layout_loops_ring, chequers_serial_rivers_room_b,
          wad_floor_pattern_untrapped
D:4:      layout_basic, nicolae_ashenzari_panopticon, mainiacjoe_overflow_paths
D:5:      layout_cave_pools, mainiacjoe_overflow_catwalk,
          minmay_splitting_lines, minmay_misc_feat_alley

Skill      XL: |  1  2  3  4  5  6 |
---------------+-------------------+-----
Long Blades    | 3 4 5 |  5.0
Throwing       | 2 |  2.0
Armour         | 1 2 |  2.6
Fighting       | 3 |  3.7
Dodging        | |  2.6

Action                   |  1- 3 |  4- 6 || total
-------------------------+-------+-------++-------
Melee: Long sword        |   139 |    76 ||   215
 Fire: Hunting sling     |     2 |    23 ||    25
Throw: Dart              |     9 |    11 ||    20
Evoke: Wand              |       |     1 ||     1
  Use: Potion            |     1 |     1 ||     2
       Scroll            |     3 |     4 ||     7
Armor: Leather armour    |    42 |       ||    42
       Skin              |    14 |       ||    14
       Ring mail         |       |    19 ||    19
Dodge: Dodged            |   133 |    56 ||   189

Table legend: (Time is in decaauts)
 A = Elapsed time spent in this place.
 B = Non-inter-level travel time spent in this place.
 C = Inter-level travel time spent in this place.
 D = Time resting spent in this place.
 E = Time spent auto-exploring this place.
 F = Levels seen in this place.
 G = Mean time per level.
                   A        B        C        D        E       F      G
               +--------+--------+--------+--------+--------+-----+--------+
         Total |   5279 |   4913 |    366 |   1306 |   2726 |   5 | 1055.8 |
       Dungeon |   5279 |   4913 |    366 |   1306 |   2726 |   5 | 1055.8 |
               +--------+--------+--------+--------+--------+-----+--------+

Top non-repeatable levels by time:
     D:4: 1590 daAuts
     D:5: 1349 daAuts
     D:1: 933 daAuts
     D:2: 749 daAuts
     D:3: 656 daAuts
